 Dungeon Crawl Stone Soup version 0.21.1-1-g345015f (webtiles) character file.

117 Mesmaeker13 the Firebug (level 5, -2/28 HPs)
             Began as a Gargoyle Fire Elementalist on May 30, 2018.
             Killed by divine providence
             ... invoked by an orc priest
              (13 damage)
             ... on level 2 of the Dungeon.
             The game lasted 00:03:48 (2834 turns).

Mesmaeker13 the Firebug (GrFE)                      Turns: 2834, Time: 00:03:49

Health: -2/28      AC:  8    Str: 12    XL:     5   Next: 1%
Magic:  0/8        EV: 12    Int: 16    God:
Gold:   53         SH:  0    Dex: 10    Spells: 2/8 levels left

rFire    . . .     SeeInvis .   m - +0 quarterstaff
rCold    . . .     Gourm    .   (shield currently unavailable)
rNeg     + . .     Faith    .   a - +0 robe
rPois    ∞         Spirit   .   e - +0 helmet
rElec    +         Reflect  .   (no cloak)
rCorr    .         Harm     .   j - +0 pair of gloves
MR       .....                  (no boots)
Stlth    ++........             (no amulet)
HPRegen  0.09/turn              (no ring)
MPRegen  0.11/turn              (no ring)

@: no status effects
A: negative energy resistance 1, electricity resistance, unbreathing,
petrification resistance, rot immunity, AC +4
a: no special abilities


You were on level 2 of the Dungeon.
You were hungry.

You visited 1 branch of the dungeon, and saw 3 of its levels.

You collected 53 gold pieces.

Inventory:

Hand Weapons
 m - a +0 quarterstaff (weapon)
Missiles
 i - 19 poisoned needles
Armour
 a - a +0 robe (worn)
 e - a +0 helmet (worn)
 j - a +0 pair of gloves (worn)
Scrolls
 d - a scroll of enchant armour {unknown}
 g - a scroll of remove curse
 h - a scroll of fear {unknown}
 o - 2 scrolls of teleportation {unknown}
 q - a scroll of identify {unknown}
 r - a scroll of amnesia {unknown}
Potions
 f - 2 potions of curing {unknown}
 k - a potion of invisibility {unknown}
 n - a potion of brilliance {unknown}
 p - a potion of magic {unknown}
Books
 b - a book of Flames

   Spells                             Type                      Level
   a - Flame Tongue                   Conjuration/Fire             1
   b - Throw Flame                    Conjuration/Fire             2
   c - Conjure Flame                  Conjuration/Fire             3
   d - Inner Flame                    Hexes/Fire                   3
   e - Sticky Flame                   Conjuration/Fire             4
   f - Fireball                       Conjuration/Fire             5
Comestibles
 c - 7 rations


   Skills:
 + Level 2.7 Dodging
 - Level 2.1 Stealth
 - Level 2.0 Spellcasting
 + Level 3.0 Conjurations
 + Level 3.9 Fire Magic


You had 2 spell levels left.
You knew the following spells:

 Your Spells              Type           Power        Failure   Level  Hunger
a - Flame Tongue          Conj/Fire      ##...        4%          1    #......
b - Throw Flame           Conj/Fire      ##....       8%          2    ###....
c - Conjure Flame         Conj/Fire      ##......     14%         3    ###....


Dungeon Overview and Level Annotations

Branches:
Dungeon (3/15)

Altars:
Cheibriados
Fedhas
Okawaru


Innate Abilities, Weirdness & Mutations

You are resistant to torment.
Your stone body is resilient. (AC +4)
You are immune to poison.
You resist negative energy. (rN+)
You are resistant to electric shocks. (rElec)
You can survive without breathing.
You are immune to petrification.
You are immune to rotting.


Message History

Casting: Flame Tongue
Confirm with . or Enter, or press ? or * to list all spells.
You don't have enough magic to cast that spell.
Casting: Flame Tongue
Confirm with . or Enter, or press ? or * to list all spells.
You don't have enough magic to cast that spell.
Casting: Flame Tongue
Confirm with . or Enter, or press ? or * to list all spells.
You don't have enough magic to cast that spell.
You hit the orc priest.
The orc priest is heavily wounded.
The orc priest hits you with a flail.
You hit the orc priest but do no damage.
The orc priest is heavily wounded.
The orc priest hits you but does no damage.
You hit the orc priest.
The orc priest is severely wounded.
The orc priest calls down the wrath of Beogh upon you.
Beogh smites you!
You die...

#.#..#..............#.#
#.#..#..###...##.#..#.#
#.#..#..# #..###.#....#
###.#..#..# #..# #.##...#
#......#..###..###.##...#
#.###............#......#
#.# #............####).##
#.###....####..#.####?.#
#........# #.@.(((....#
#####....####.o#.#####.#
#..........#.## #.#
##...####.#...####.# #.))#
##...#......# #...#
#......#.##.#
#.).###...........#
#.<.......#.##.##.########
##..........##.##.........


You could see an orc priest.

Vanquished Creatures
  5 adders
  An ooze (D:1)
  A worm (D:3)
  A dart slug (D:1)
  2 leopard geckos (D:1)
  2 orcs (D:3)
  9 bats
  3 giant cockroaches (D:1)
  7 goblins
  12 hobgoblins
  A quokka (D:2)
  2 ball pythons (D:2)
  3 frilled lizards
  3 kobolds
  5 rats
57 creatures vanquished.

Notes
Turn   | Place    | Note
-------+----------+-------------------------------------------
     0 | D:1      | Mesmaeker13 the Gargoyle Fire Elementalist began the quest for the Orb.
     0 | D:1      | Reached XP level 1. HP: 10/10 MP: 3/3
   336 | D:1      | Reached XP level 2. HP: 4/15 MP: 0/5
   672 | D:1      | Reached XP level 3. HP: 19/19 MP: 3/6
  1549 | D:2      | Learned a level 2 spell: Throw Flame
  1571 | D:2      | Reached XP level 4. HP: 20/24 MP: 1/7
  1993 | D:2      | Found a snail-covered altar of Cheibriados.
  2249 | D:3      | Learned a level 3 spell: Conjure Flame
  2250 | D:3      | Found an iron altar of Okawaru.
  2501 | D:3      | Found a blossoming altar of Fedhas.
  2640 | D:3      | Reached XP level 5. HP: 15/28 MP: 5/8
  2834 | D:2      | Killed from afar by an orc priest

Skill      XL: |  1  2  3  4 |
---------------+-------------+-----
Dodging        | 2 |  2.7
Conjurations   | 2 3 |  3.0
Stealth        | |  2.1
Spellcasting   | |  2.0
Fire Magic     | |  3.9

Action                   |  1- 3 |  4- 6 || total
-------------------------+-------+-------++-------
Melee: Unarmed           |    45 |       ||    45
       Short sword       |    28 |       ||    28
       Quarterstaff      |    16 |    35 ||    51
 Cast: Flame Tongue      |    49 |    37 ||    86
  Use: Scroll            |     1 |       ||     1
 Stab: Sleeping          |     2 |       ||     2
  Eat: Chunk             |     3 |     4 ||     7
Armor: Robe              |    44 |    33 ||    77
Dodge: Dodged            |    80 |    47 ||   127
